[Event "FIDE Women World Blitz 2021"]
[Site "Warsaw"]
[Date "2021.12.29"]
[Round "4.13"]
[White "Nomin-Erdene, Davaademberel"]
[Black "Bodnaruk, Anastasia"]
[Result "1-0"]
[ECO "B92"]
[WhiteElo "2188"]
[BlackElo "2396"]
[Annotator "NA"]
[PlyCount "145"]
[EventDate "2021.12.29"]
[EventType "swiss"]
[EventCountry "POL"]
[Tiebreak "Cut1 Buchholz"]
[SourceTitle "playchess.com"]
[Source "ChessBase"]
[SourceQuality "1"]
[TimeControl "180+2"]

1. e4 c5 2. Nf3 d6 3. d4 cxd4 4. Nxd4 Nf6 5. Nc3 a6 6. Be3 e5 7. Nf3 Qc7 8. a4 Be7 9. Be2 O-O 10. O-O Be6 11. a5 Nbd7 12. Nd5 Bxd5 13. exd5 b5 14. axb6 Nxb6 15. Rxa6 Rxa6 16. Bxa6 Nfxd5 17. Bc1 Nb4 18. Bd3 d5 19. Ne1 e4 20. Be2 f5 21. c3 Nc6 22. Qb3 Na5 23. Qb5 Nb7 24. Be3 Bc5 25. Nc2 f4 26. Bxc5 Nxc5 27. f3 Rb8 28. Qa5 Ra8 29. Qb5 Rb8 30.
Qa5 Ne6 31. Nb4 Rd8 32. Rd1 e3 33. h3 d4 34. Qf5 Qf7 35.
Qxf7+ Kxf7 36. Nc6 Rd6 37. Nxd4 Nxd4 38. cxd4 Na4 39. b3 Nc3 40. Bc4+ Kf6 41. Rc1 Na2 42. Ra1 Nb4 43. Rd1 Nc2 44. d5 Ke5 45. Kf1 Nb4 46. h4 Rh6 47. Ke2 Kd6 48. Ra1 Rxh4 49. Ra4 Nxd5 50. Ra6+ Kc5 51. Ra5+ Kb4 52. Rxd5 Rh2 53. Rg5 g6 54. Rg4 Kc3 55. Rxf4 Rxg2+ 56. Kxe3 h5 57. Rf7 h4 58. Rh7 g5 59. Bd5 Rg1 60. Kf2 Rd1 61. Be6 Rd2+ 62. Kg1 Rd3 63. Kg2 Rd2+ 64. Kh3 Rf2 65. Bd5 Kd4 66. Be4 Ke3 67. Kg4 Rg2+ 68. Kf5 Rg3 69. b4 h3 70. b5 Kf2 71. b6 Rg1 72. Rxh3 Rc1 73. b7 1-0

[Event "FIDE Women World Blitz 2021"]
[Site "Warsaw"]
[Date "2021.12.29"]
[Round "4.14"]
[White "Dzagnidze, Nana"]
[Black "Babiy, Olga"]
[Result "1/2-1/2"]
[ECO "D27"]
[WhiteElo "2524"]
[BlackElo "2179"]
[Annotator "ChessBase"]
[PlyCount "215"]
[EventDate "2021.12.29"]
[EventType "swiss"]
[EventCountry "POL"]
[Tiebreak "Cut1 Buchholz"]
[SourceTitle "playchess.com"]
[Source "ChessBase"]
[SourceQuality "1"]
[TimeControl "180+2"]

1. d4 d5 2. c4 dxc4 3. Nf3 Nf6 4. e3 e6 5. Bxc4 a6 6. O-O c5 7. b3 b6 8. Bb2 Bb7 9. Qe2 Nbd7 10. Rd1 Qc7 11. Nbd2 Be7 12. Rac1 b5 13. Bd3 Qb6 14. Nf1 O-O 15. Ng3 Rac8 16. h3 cxd4 17. Bxd4 Bc5 18. Bb2 Rfd8 19. Bb1 Nd5 20. Ng5 N7f6 21. N3e4 Nxe4 22. Nxe4 Be7 23. Rxc8 Rxc8 24. Qg4 g6 25. Qg3 Qc7 26. Be5 Qd8 27. Qf3 f5 28. Ng3 Qb6 29. Bd4 Qc7 30. Qe2 Nc3 31. Bxc3 Qxc3 32. e4 f4 33. Nf1 Qc6 34. Nh2 Rd8 35. Nf3 Rxd1+ 36. Qxd1 Qd6 37. Qc1 g5 38. e5 Qc6 39. Qd2 Kf7 40. Kh2 h6 41. Qd3 Ke8 42. Qg6+ Kd7 43.
Qxh6 Qc1 44. Nd4 Bd5 45. Be4 Bxe4 46. Qxe6+ Kd8 47. Qg8+ Kd7 48. e6+ Kc7 49. Qe8 Qc5 50. Qd7+ Kb6 51. a3 a5 52. b4 axb4 53. axb4 Qxb4 54. Nxb5 Qxb5 55. Qxe7 Bc6 56. Qd8+ Kb7 57. e7 Be8 58. Qd6 Qc6 59. Qb4+ Qb5 60. Qe4+ Kc7 61. f3 Kd7 62. Qe1 Qc5 63. h4 Qxe7 64. Qd2+ Ke6 65. Qa2+ Kf5 66. Qc2+ Kf6 67. Qc3+ Kg6 68. Qd3+ Kh6 69. hxg5+ Qxg5 70. Qd6+ Bg6 71. Qb8 Qg3+ 72. Kh1 Qe1+ 73. Kh2
Qh4+ 74. Kg1 Qe1+ 75. Kh2 Qg3+ 76. Kh1 Kh7 77. Qc7+ Kg8 78. Qd8+ Kg7 79. Qe7+ Bf7 80. Qe5+ Kg6 81. Qd6+ Kh7 82. Qe7 Qg6 83. Kg1 Kg7 84. Qe5+ Qf6 85. Qc7 Kg6 86. Qc2+ Kg7 87. Qc7 Qd4+ 88. Kh2 Kg6 89. Qc6+ Kf5 90. Qc8+ Be6 91. Qf8+ Ke5 92. Qh8+ Kd5 93. Qd8+ Kc4 94. Qc7+ Kd3 95. Qc6 Bd5 96. Qe8 Qe3 97. Qd8 Qd4 98. Qe7 Kd2 99. Kh3 Qe3 100. Qd6 Qd4 101. Kh4 Ke2 102. Kg5 Kf2 103. Qxf4 Qg7+ 104. Kf5 Qxg2 105. Qd2+ Kxf3 106. Qxd5+ Kf2 107. Qxg2+ Kxg2 108. Ke4 1/2-1/2

[Event "FIDE Women World Blitz 2021"]
[Site "Warsaw"]
[Date "2021.12.29"]
[Round "4.15"]
[White "Fernandez, Maria Florencia"]
[Black "Abdumalik, Zhansaya"]
[Result "0-1"]
[ECO "A53"]
[WhiteElo "2184"]
[BlackElo "2507"]
[Annotator "ChessBase"]
[PlyCount "24"]
[EventDate "2021.12.29"]
[EventType "swiss"]
[EventCountry "POL"]
[Tiebreak "Cut1 Buchholz"]
[SourceTitle "playchess.com"]
[Source "ChessBase"]
[SourceQuality "1"]
[TimeControl "180+2"]

1. d4 Nf6 2. c4 d6 3. Nc3 Bf5 4. f3 e5 5. d5 h5 6. e4 Bc8 7. Be3 g6 8. Qd2 Bg7 9. Bd3 a5 10. Nge2 Na6 11. O-O O-O 12. Bg5 c6 0-1

[Event "FIDE Women World Blitz 2021"]
[Site "Warsaw"]
[Date "2021.12.29"]
[Round "4.16"]
[White "Goraj, Barbara"]
[Black "Zatonskih, Anna"]
[Result "0-1"]
[ECO "C09"]
[WhiteElo "1902"]
[BlackElo "2394"]
[Annotator "NA"]
[PlyCount "60"]
[EventDate "2021.12.29"]
[EventType "swiss"]
[EventCountry "POL"]
[Tiebreak "Cut1 Buchholz"]
[SourceTitle "playchess.com"]
[Source "ChessBase"]
[SourceQuality "1"]
[TimeControl "180+2"]

1. e4 e6 2. d4 d5 3. Nd2 c5 4. exd5 exd5 5. Ngf3 Nc6 6. Bb5 Qe7+ 7. Qe2 Qxe2+ 8. Kxe2 a6 9. Bxc6+ bxc6 10. dxc5 Bxc5 11. Re1 f6 12. Nb3 Bd6 13. Be3 a5 14. Nc5 Ne7 15. Kf1 Kf7 16. Nb3 a4 17. Bc5 axb3 18. Bxd6 Nf5 19. Ba3 bxc2 20. Rac1 Ba6+ 21. Kg1 Rhe8 22. Rxc2 Nd4 23. Rxe8 Rxe8 24. Rd2 Nxf3+ 25. gxf3 Re1+ 26.
Kg2 Bf1+ 27. Kg3 g5 28. Rc2 Bd3 29. Rxc6 Rg1+ 30. Kh3 Bf5# 0-1

[Event "FIDE Women World Blitz 2021"]
[Site "Warsaw"]
[Date "2021.12.29"]
[Round "4.17"]
[White "Zhukova, Natalia"]
[Black "Zawadzka, Jolanta"]
[Result "1-0"]
[ECO "D37"]
[WhiteElo "2331"]
[BlackElo "2429"]
[Annotator "NA"]
[PlyCount "95"]
[EventDate "2021.12.29"]
[EventType "swiss"]
[EventCountry "POL"]
[Tiebreak "Cut1 Buchholz"]
[SourceTitle "playchess.com"]
[Source "ChessBase"]
[SourceQuality "1"]
[TimeControl "180+2"]

1. c4 e6 2. Nc3 d5 3. d4 a6 4. cxd5 exd5 5. Nf3 Nf6 6. Bg5 Be6 7. Qb3 Nbd7 8. e3 Rb8 9. Qc2 h6 10. Bh4 Bd6 11. Bd3 c6 12. O-O O-O 13.
a3 Qc7 14. b4 Bg4 15. Bg3 Bxf3 16. gxf3 Rfe8 17. Rab1 Bxg3 18.
hxg3 b5 19. Rfc1 Nb6 20. Kg2 Re6 21. Ne2 Nc4 22. Bxc4 bxc4 23. Nf4 Re7 24. Rh1 Qd6 25. Qf5 Reb7 26. g4 Nh7 27. Ne2 Qe6 28.
Qc2 Qg6 29. Qa4 Rb6 30. Nf4 Qd6 31. Qa5 Nf8 32. Ne2 Ng6 33.
Nc3 Qf6 34. f4 Nf8 35. Na4 R6b7 36. Nc5 Re7 37. Qxa6 Qg6 38. Kf3 f5 39. Rbg1 Rbe8 40. gxf5 Qxf5 41. Qxc6 Nh7 42. Qxh6 Rf7 43. Qg6 Qxg6 44. Rxg6 Ra8 45. a4 Nf8 46. Rd6 Rf5 47. a5 Rb8 48. a6 1-0

[Event "FIDE Women World Blitz 2021"]
[Site "Warsaw"]
[Date "2021.12.29"]
[Round "4.18"]
[White "Injac, Teodora"]
[Black "Efroimski, Marsel"]
[Result "1/2-1/2"]
[ECO "D02"]
[WhiteElo "2387"]
[BlackElo "2419"]
[Annotator "NA"]
[PlyCount "35"]
[EventDate "2021.12.29"]
[EventType "swiss"]
[EventCountry "POL"]
[Tiebreak "Cut1 Buchholz"]
[SourceTitle "playchess.com"]
[Source "ChessBase"]
[SourceQuality "1"]
[TimeControl "180+2"]

1. Nf3 d5 2. g3 Nc6 3. d4 Bf5 4. Bg2 e6 5. O-O Nb4 6. Na3 c5 7. c3 Nc6 8. Bf4 h6 9. Qb3 Qd7 10. Nb5 Rc8 11. dxc5 Bxc5 12. Nfd4 Nge7 13. Nxf5 Nxf5 14. e4 dxe4 15. Bxe4 O-O 16. Rad1 Qe7 17. Rfe1 Qf6 18. Qc2 1/2-1/2

[Event "FIDE Women World Blitz 2021"]
[Site "Warsaw"]
[Date "2021.12.29"]
[Round "4.19"]
[White "Salimova, Nurgyul"]
[Black "Maltsevskaya, Aleksandra"]
[Result "1-0"]
[ECO "D02"]
[WhiteElo "2353"]
[BlackElo "2411"]
[Annotator "NA"]
[PlyCount "105"]
[EventDate "2021.12.29"]
[EventType "swiss"]
[EventCountry "POL"]
[Tiebreak "Cut1 Buchholz"]
[SourceTitle "playchess.com"]
[Source "ChessBase"]
[SourceQuality "1"]
[TimeControl "180+2"]

1. d4 Nf6 2. Nf3 g6 3. Nbd2 d5 4. e3 Bg7 5. b4 O-O 6. c4 Bf5 7. Be2 Nbd7 8. O-O a5 9. b5 a4 10. Ba3 Re8 11. Rc1 c6 12. bxc6 bxc6 13.
cxd5 cxd5 14. Bb5 Qa5 15. Bc6 Ra7 16. Ne5 Nxe5 17. dxe5 Nd7 18. Nf3 Be6 19. Nd4 Rc7 20. Nxe6 fxe6 21. Qg4 Rxc6 22. Rxc6 Nf8 23. Qb4 Qa8 24. Rc7 Bxe5 25. Rxe7 Rd8 26. Qh4 Bg7 27. Rxg7+ Kxg7 28. Qe7+ Kg8 29. Bb2 Rd7 30. Qf6 a3 31. Bd4 Qc6 32. h4 Qd6 33. Qh8+ Kf7 34. Be5 Qe7 35.
Qg7+ Ke8 36. Qh6 Qc5 37. Rb1 Rd8 38. Qf4 Qe7 39. Bf6 Qf7 40.
Bxd8 Qxf4 41. exf4 Kxd8 42.
Rb3 Nd7 43. Rxa3 Kc7 44. Kf1 Kc6 45. Re3 Kd6 46. Ke2 d4 47.
Re4 Kd5 48. f3 h5 49. a4 Nc5 50. Re5+ Kc4 51. Rxc5+ Kxc5 52. Kd3 Kd5 53. a5 1-0

[Event "FIDE Women World Blitz 2021"]
[Site "Warsaw"]
[Date "2021.12.29"]
[Round "4.21"]
[White "Smietanska, Wiktoria"]
[Black "Pourkashiyan, Atousa"]
[Result "0-1"]
[ECO "D36"]
[WhiteElo "1765"]
[BlackElo "2322"]
[Annotator "NA"]
[PlyCount "82"]
[EventDate "2021.12.29"]
[EventType "swiss"]
[EventCountry "POL"]
[Tiebreak "Cut1 Buchholz"]
[SourceTitle "playchess.com"]
[Source "ChessBase"]
[SourceQuality "1"]
[TimeControl "180+2"]

1. c4 e6 2. Nc3 d5 3. cxd5 exd5 4. d4 Nf6 5. Bg5 Be7 6. e3 c6 7. Bd3 O-O 8. Nge2 Nbd7 9. O-O Re8 10. Qc2 Nf8 11. Rae1 Nh5 12. Bxe7 Qxe7 13. Nc1 Be6 14. f3 Rad8 15. a3 a6 16. b4 Ng6 17. Nb3 Qc7 18. Qd2 Bc8 19. e4 dxe4 20. fxe4 Be6 21. Bc2 Bc4 22. Rf2 Nf6 23. Na5 Be6 24. e5 Ng4 25. Rfe2 N4xe5 26. dxe5 Rxd2 27. Rxd2 Nxe5 28. Rde2 Ng6 29. Bb3 Nf4 30. Re4 Rf8 31. Bxe6
Nxe6 32. Nb3 Rd8 33. Nc5 h6 34. Nxe6 fxe6 35. Rxe6 Qb6+ 36. Kh1 Qd4 37. Na4 Qd2 38. Nc5 Rb8 39. Re7 Qc3 40. Nxb7 Rxb7 41. R7e3 Qc4 0-1

[Event "FIDE Women World Blitz 2021"]
[Site "Warsaw"]
[Date "2021.12.29"]
[Round "4.22"]
[White "Padmini, Rout"]
[Black "Serikbay, Assel"]
[Result "0-1"]
[ECO "A07"]
[WhiteElo "2353"]
[BlackElo "2237"]
[Annotator "NA"]
[PlyCount "70"]
[EventDate "2021.12.29"]
[EventType "swiss"]
[EventCountry "POL"]
[Tiebreak "Cut1 Buchholz"]
[SourceTitle "playchess.com"]
[Source "ChessBase"]
[SourceQuality "1"]
[TimeControl "180+2"]

1. Nf3 d5 2. g3 Nf6 3. Bg2 Bg4 4. O-O c6 5. d3 Nbd7 6. h3 Bh5 7. Nbd2 e5 8. e4 Bd6 9. exd5 cxd5 10. c4 O-O 11. Qb3 Nc5 12. Qa3 Bg6 13.
b4 Nxd3 14. c5 Be7 15. Nh4 e4 16. Bb2 a5 17. Nxg6 hxg6 18. bxa5 Bxc5 19. Qb3 Qxa5 20. Bc3 Qa7 21. Bxf6 gxf6 22. Qxd5 Nxf2 23. Nb3 Bb6 24. Kh2 Rad8 25. Qb5 e3 26. a4 Nd3 27. Rxf6 Bc7 28. Qg5 Be5 29. Rxg6+ fxg6 30. Qxg6+ Bg7 31. Be4 Rf2+ 32. Kh1 e2 33. Qe6+ Kh8 34. Qg6 Rf1+ 35. Kh2 Qg1# 0-1

[Event "FIDE Women World Blitz 2021"]
[Site "Warsaw"]
[Date "2021.12.29"]
[Round "4.23"]
[White "Katkov, Michelle"]
[Black "Bulmaga, Irina"]
[Result "0-1"]
[ECO "B01"]
[WhiteElo "1651"]
[BlackElo "2405"]
[Annotator "NA"]
[PlyCount "86"]
[EventDate "2021.12.29"]
[EventType "swiss"]
[EventCountry "POL"]
[Tiebreak "Cut1 Buchholz"]
[SourceTitle "playchess.com"]
[Source "ChessBase"]
[SourceQuality "1"]
[TimeControl "180+2"]

1. e4 d5 2. exd5 Qxd5 3. Nc3 Qd6 4. d4 Nf6 5. Nf3 a6 6. g3 Bg4 7. Bg2 Nc6 8. Bf4 Qe6+ 9. Be3 O-O-O 10. O-O Qf5 11. Qe2 Nb4 12. h3 Bxh3 13. Bxh3 Qxh3 14. Ng5 Qf5 15. Nxf7 Ng4 16. Ng5 Nxc2 17. Bf4 Nxa1 18. Rxa1 e5 19. dxe5 Be7 20. Nf3 g5 21. Be3 Nxe5 22. Nxe5 Qxe5 23. Rc1 Kb8 24. Qc4 Bd6 25. Nd5 Rhf8 26. Nb4 Qb5 27. Qxb5 axb5 28. Nd3 h6 29. Nc5 Bxc5 30. Rxc5 c6 31. Re5 Rde8 32. Rxe8+ Rxe8 33. Kg2 Kc8 34. Kf3 Kd7 35. Kg4 Re6 36. Kh5 Kd6 37. Bd4 Kd5 38. Bg7 Re2 39. f4 gxf4 40. gxf4 Ke4 41. Bxh6 Rxb2 42. a3 Rh2+ 43. Kg6 Rxh6+ 0-1

[Event "FIDE Women World Blitz 2021"]
[Site "Warsaw"]
[Date "2021.12.29"]
[Round "4.24"]
[White "Mamedjarova, Zeinab"]
[Black "Zairbek kyzy, Begimai"]
[Result "1-0"]
[ECO "D05"]
[WhiteElo "2249"]
[BlackElo "1701"]
[Annotator "NA"]
[PlyCount "57"]
[EventDate "2021.12.29"]
[EventType "swiss"]
[EventCountry "POL"]
[Tiebreak "Cut1 Buchholz"]
[SourceTitle "playchess.com"]
[Source "ChessBase"]
[SourceQuality "1"]
[TimeControl "180+2"]

1. d4 d5 2. Nf3 Nf6 3. e3 e6 4. Bd3 Be7 5. O-O O-O 6. Nbd2 c6 7. b3 Nbd7 8. Bb2 Re8 9. Ne5 Nxe5 10. dxe5 Nd7 11. c4 f6 12. cxd5 exd5 13. exf6 Bxf6 14. Qc2 h6 15. Bg6 Rf8 16. Nf3 Bxb2 17. Qxb2 Rf6 18. Bc2 Qf8 19. e4 Nb6 20. Rfe1 Bg4 21. Ne5 Be6 22. a4 Rd8 23. a5 Nc8 24. a6 b6 25. Nxc6 Rd7 26. Nd4 dxe4 27.
Nxe6 Rxe6 28. Bxe4 Nd6 29. Bd5 1-0

[Event "FIDE Women World Blitz 2021"]
[Site "Warsaw"]
[Date "2021.12.29"]
[Round "4.25"]
[White "Lagno, Kateryna"]
[Black "Gaboyan, Susanna"]
[Result "1/2-1/2"]
[ECO "B30"]
[WhiteElo "2550"]
[BlackElo "2253"]
[Annotator "ChessBase"]
[PlyCount "104"]
[EventDate "2021.12.29"]
[EventType "swiss"]
[EventCountry "POL"]
[Tiebreak "Cut1 Buchholz"]
[SourceTitle "playchess.com"]
[Source "ChessBase"]
[SourceQuality "1"]
[TimeControl "180+2"]

1. e4 c5 2. Nf3 Nc6 3. Nc3 Nf6 4. Bb5 Nd4 5. e5 Nxb5 6.
Nxb5 Nd5 7. O-O Nc7 8. Nc3 d5 9. d4 Bg4 10. dxc5 e6 11. h3 Bxf3 12. Qxf3 Bxc5 13. Qg4 Kf8 14. Ne2 h5 15. Qf3 g6 16. Be3 Qe7 17. c3 Bxe3 18. fxe3 Kg7 19. Rf2 Rhf8 20. Raf1 Qg5 21. Qf6+ Qxf6 22. Rxf6 Ne8 23. R6f4 f5 24. exf6+ Rxf6 25. Nd4 Kf7 26. Rxf6+ Nxf6 27. Nf3 Ke7 28. Ne5 Rg8 29. g4 hxg4 30. hxg4 g5 31. Kg2 Kd6 32. Rxf6 Kxe5 33. Rf7 Rb8 34. Kf3 a5 35. Rg7 Kf6 36. Rc7 b5 37. Ra7 b4 38. Rxa5 bxc3 39. bxc3 Rb2 40. a4 Rc2 41. Rc5 Ra2 42. a5 Ke5 43. Rb5 Ra3 44. c4 Ra4 45. cxd5 exd5 46. Ke2 Rxg4 47. Rb8 Ra4 48. Ra8 Ke4 49. Re8+ Kf5 50. Ra8 Ke4 51. Re8+ Kf5 52. Ra8 Ke5 1/2-1/2

[Event "FIDE Women World Blitz 2021"]
[Site "Warsaw"]
[Date "2021.12.29"]
[Round "4.26"]
[White "Mamedjarova, Turkan"]
[Black "Loskutova, Viktoriya"]
[Result "1/2-1/2"]
[ECO "E52"]
[WhiteElo "2264"]
[BlackElo "2195"]
[Annotator "NA"]
[PlyCount "78"]
[EventDate "2021.12.29"]
[EventType "swiss"]
[EventCountry "POL"]
[Tiebreak "Cut1 Buchholz"]
[SourceTitle "playchess.com"]
[Source "ChessBase"]
[SourceQuality "1"]
[TimeControl "180+2"]

1. d4 Nf6 2. c4 e6 3. Nc3 Bb4 4. Nf3 O-O 5. e3 d5 6. Bd2 b6 7. Bd3 Bb7 8. O-O Bd6 9. h3 c5 10. Rc1 Nbd7 11. Re1 Ne4 12. cxd5 exd5 13. Bxe4 dxe4 14. Nh2 Qf6 15. Qg4 Rad8 16. Nxe4 Bxe4 17. Qxe4 Bxh2+ 18. Kxh2 Qxf2 19. Bc3 Nf6 20. Qf3 Qxf3 21. gxf3 cxd4 22. Bxd4 Nd5 23. Rg1 f6 24. a3 Rd7 25. Kg3 Nc7 26. f4 Nb5 27. Bc3 Nxc3 28. Rxc3 Rfd8 29. Kf3 Kf7 30. a4 Rd2 31. b4 R8d7 32. Rgc1 Rb2 33. b5 Ra2 34. Rc4 Rh2 35. Kg3 Re2 36. R1c3 Re7 37. Kf3 Rh2 38. Kg3 Re2 39. Kf3 Rh2 1/2-1/2

[Event "FIDE Women World Blitz 2021"]
[Site "Warsaw"]
[Date "2021.12.29"]
[Round "4.27"]
[White "Garifullina, Leya"]
[Black "Kurmangaliyeva, Liya"]
[Result "1-0"]
[ECO "B67"]
[WhiteElo "2416"]
[BlackElo "2222"]
[Annotator "NA"]
[PlyCount "97"]
[EventDate "2021.12.29"]
[EventType "swiss"]
[EventCountry "POL"]
[Tiebreak "Cut1 Buchholz"]
[SourceTitle "playchess.com"]
[Source "ChessBase"]
[SourceQuality "1"]
[TimeControl "180+2"]

1. e4 c5 2. Nf3 d6 3. d4 cxd4 4. Nxd4 Nf6 5. Nc3 Nc6 6. Bg5 e6 7. Qd2 a6 8. O-O-O Bd7 9. f4 b5 10. a3 Be7 11. Bxf6 gxf6 12. f5 Qb6 13.
Nxc6 Bxc6 14. fxe6 fxe6 15. Be2 h5 16. Bf3 O-O-O 17. Qd4 Qxd4 18. Rxd4 Rdg8 19. Ne2 h4 20. h3 Rg5 21. Rd3 Re5 22. Re3 f5 23.
Nd4 Bg5 24. Nxc6 Bxe3+ 25. Kd1 Rc5 26. exf5 exf5 27. Ne7+ Kd7 28. Nd5 Bg5 29. c3 Re8 30. Nb6+ Kd8 31. Nd5 Re5 32. Nb4 Kd7 33. Nxa6 Rc4 34. Nb4 Be3 35. Nd5 Ba7 36. Nb4 Ke6 37. Nc6 Bc5 38. Nxe5 dxe5 39. Be2 Rf4 40. Rf1 Re4 41. Bxb5 Re3 42. Rf3 Rxf3 43. gxf3 e4 44. fxe4 fxe4 45. Be2 Ke5 46. Bg4 Be7 47. b4 Kd5 48. Be2 Ke5 49. a4 1-0

[Event "FIDE Women World Blitz 2021"]
[Site "Warsaw"]
[Date "2021.12.29"]
[Round "4.28"]
[White "Atalik, Ekaterina"]
[Black "Dylag, Emilia"]
[Result "0-1"]
[ECO "D02"]
[WhiteElo "2430"]
[BlackElo "1863"]
[Annotator "NA"]
[PlyCount "80"]
[EventDate "2021.12.29"]
[EventType "swiss"]
[EventCountry "POL"]
[Tiebreak "Cut1 Buchholz"]
[SourceTitle "playchess.com"]
[Source "ChessBase"]
[SourceQuality "1"]
[TimeControl "180+2"]

1. Nf3 d5 2. g3 Nf6 3. Bg2 e6 4. O-O Be7 5. d4 O-O 6. b3 b6 7. Bb2 Bb7 8. Nbd2 c5 9. e3 Nc6 10. Ne5 cxd4 11. exd4 Rc8 12. Re1 Nd7 13. Ndf3 Ndxe5 14. Nxe5 Nxe5 15. Rxe5 Bf6 16. Re3 Ba6 17. c3 Qd6 18. Qd2 Rfd8 19. Rae1 Bb5 20. f4 a5 21. Qf2 g6 22. g4 a4 23. b4 Bc4 24. a3 Qe7 25. f5 Bh4 26. Rg3 Bxg3 27. Qxg3 Qd6 28. Qf2 exf5 29. Bc1 Re8 30. Rxe8+ Rxe8 31. Bf4 Qe6 32. Be5 f6 33. gxf5 Qxf5 34. Qxf5 gxf5 35. Bxf6 Re1+ 36. Kf2 Ra1 37. b5 Rxa3 38. Bd8 Rxc3 39. Bxb6 a3 40. Ba5 Rc2+ 0-1

[Event "FIDE Women World Blitz 2021"]
[Site "Warsaw"]
[Date "2021.12.29"]
[Round "4.29"]
[White "Stefanova, Antoaneta"]
[Black "Jarocka, Liwia"]
[Result "1-0"]
[ECO "D02"]
[WhiteElo "2475"]
[BlackElo "1851"]
[Annotator "ChessBase"]
[PlyCount "119"]
[EventDate "2021.12.29"]
[EventType "swiss"]
[EventCountry "POL"]
[Tiebreak "Cut1 Buchholz"]
[SourceTitle "playchess.com"]
[Source "ChessBase"]
[SourceQuality "1"]
[TimeControl "180+2"]

1. Nf3 Nf6 2. g3 g6 3. Bg2 d5 4. d4 Bg7 5. O-O O-O 6. Be3 Bg4 7. Ne5 Be6 8. Qc1 Nbd7 9. Bh6 Nxe5 10. Bxg7 Kxg7 11. dxe5 Nd7 12. f4 Nb6 13. Nc3 c6 14. e4 d4 15. Ne2 Bc4 16. Re1 Bxe2 17. Rxe2 Qc7 18. c3 Rad8 19. cxd4 Rxd4 20.
Qc3 Rfd8 21. Rae1 e6 22. b3 Rd3 23. Qc1 Qd7 24. Bf1 Qd4+ 25.
Kh1 Rd1 26. Rxd1 Qxd1 27. Qxd1 Rxd1 28. Kg2 c5 29. Rc2 Nd7 30. Be2 Rd4 31. Kf3 b6 32. Ke3 Kf8 33. g4 f6 34. exf6 Nxf6 35.
Bf3 Ke7 36. g5 Nd7 37. e5 a5 38. a4 Nb8 39. h4 Na6 40. Rh2 Nb4 41. Be4 Rd1 42.
h5 Re1+ 43. Kf3 Rf1+ 44. Kg3 Rg1+ 45. Kf2 Ra1 46. hxg6 hxg6 47. Rh7+ Kd8 48. Bxg6 Ra2+ 49. Kg3 Ra3 50. Bf7 Rxb3+ 51. Kg4 Ke7 52. Bg8+ Kf8 53. Bxe6 Rb1 54. g6 Rg1+ 55. Kf5 Nc6 56. Rf7+ Ke8 57. Bd7+ Kd8 58. Bxc6 c4 59. g7 c3 60. Be4 1-0

[Event "FIDE Women World Blitz 2021"]
[Site "Warsaw"]
[Date "2021.12.29"]
[Round "4.30"]
[White "Rakhmangulova, Anastasiya"]
[Black "Michna, Marta"]
[Result "0-1"]
[ECO "A04"]
[WhiteElo "2174"]
[BlackElo "2312"]
[Annotator "NA"]
[PlyCount "70"]
[EventDate "2021.12.29"]
[EventType "swiss"]
[EventCountry "POL"]
[Tiebreak "Cut1 Buchholz"]
[SourceTitle "playchess.com"]
[Source "ChessBase"]
[SourceQuality "1"]
[TimeControl "180+2"]

1. e4 e6 2. d3 c5 3. Nf3 Nc6 4. g3 g6 5. Bg2 Bg7 6. O-O d6 7. c3 Nge7 8. d4 O-O 9. Bg5 h6 10. Be3 cxd4 11. cxd4 d5 12. e5 Nf5 13. Nc3 b6 14. Qd2 Ba6 15. Rfc1 Na5 16. b3 Rc8 17. Rc2 Nc6 18. a3 Na5 19. Rb1 Qe7 20.
h4 Nxe3 21. Qxe3 Qxa3 22. h5 g5 23. Nxg5 hxg5 24. Qxg5 Kh7 25. h6 Bxh6 26. Qh5 Bd3 27. Bxd5 exd5 28. Nxd5 Bxc2 29. Nf6+ Kg7 30. Re1 Qb4 31. Ra1 Bg6 32. Qg4 Rc6 33. Kg2 Rxf6 34. exf6+ Kxf6 35. Rh1 Kg7 0-1

[Event "FIDE Women World Blitz 2021"]
[Site "Warsaw"]
[Date "2021.12.29"]
[Round "4.31"]
[White "Movsesian, Julia"]
[Black "Ovod, Evgenija"]
[Result "1/2-1/2"]
[ECO "C54"]
[WhiteElo "2322"]
[BlackElo "2366"]
[Annotator "NA"]
[PlyCount "83"]
[EventDate "2021.12.29"]
[EventType "swiss"]
[EventCountry "POL"]
[Tiebreak "Cut1 Buchholz"]
[SourceTitle "playchess.com"]
[Source "ChessBase"]
[SourceQuality "1"]
[TimeControl "180+2"]

1. e4 e5 2. Nf3 Nc6 3. Bc4 Bc5 4. c3 Nf6 5. d4 exd4 6. b4 Bb6 7. e5 d5 8. exf6 dxc4 9. Qe2+ Be6 10. b5 d3 11. Qe4 Na5 12. fxg7 Rg8 13.
O-O Qd5 14. Qxh7 O-O-O 15. Nbd2 Qf5 16. Qh6 Qg4 17. Ne5 Qxg7 18. Qxg7 Rxg7 19. Re1 Bd5 20. Nef3 Rdg8 21. g3 Bc5 22. Bb2 f6 23. Nd4 c6 24. bxc6 Nxc6 25. N2f3 Nxd4 26. Nxd4 Kd7 27. Re3 Re8 28. Rxe8 Kxe8 29. Re1+ Kd7 30. h4 Re7 31. Rxe7+ Kxe7 32. Kf1 Bxd4 33. cxd4 b5 34. Bc3 Bf3 35. Ke1 Ke6 36. Kd2 Kd5 37. a3 a5 38. Bxa5 Kxd4 39. Bc3+ Ke4 40. Bxf6 Bh5 41. Bc3 Kf3 42. Bd4 1/2-1/2

[Event "FIDE Women World Blitz 2021"]
[Site "Warsaw"]
[Date "2021.12.29"]
[Round "4.32"]
[White "Paramzina, Anastasya"]
[Black "Mammadova, Gulnar"]
[Result "0-1"]
[ECO "B06"]
[WhiteElo "2260"]
[BlackElo "2395"]
[Annotator "NA"]
[PlyCount "84"]
[EventDate "2021.12.29"]
[EventType "swiss"]
[EventCountry "POL"]
[Tiebreak "Cut1 Buchholz"]
[SourceTitle "playchess.com"]
[Source "ChessBase"]
[SourceQuality "1"]
[TimeControl "180+2"]

1. e4 g6 2. d4 Bg7 3. Nc3 d6 4. Be3 e6 5. Qd2 b6 6. h4 h6 7. Nf3 Bb7 8. O-O-O Nd7 9. Bd3 a6 10. h5 g5 11. Rhe1 b5 12. Ne2 Nb6 13. Ng3 Nf6 14. Nh2 Qd7 15.
f4 Nc4 16. Bxc4 bxc4 17. fxg5 hxg5 18. Bxg5 Nxh5 19. Nxh5 Rxh5 20. Ng4 c3 21. bxc3 Qa4 22. Qf4 Qa5 23. e5 Qxc3 24. Re3 Qa5 25. Nf6+ Bxf6 26. Qxf6 Rxg5 27. Qxg5 Kd7 28. Rb3 Bd5 29. exd6 cxd6 30. Rb7+ Kc6 31. Qe7 Qa3+ 32. Kd2 Qa5+ 33. Kc1 Qa3+ 34. Kd2 Qa5+ 35. c3 Bc4 36. Rb4 Qxa2+ 37. Kc1 Qa3+ 38. Kc2 Qa2+ 39. Kc1 Qa3+ 40. Rb2 Rb8 41. Rdd2 Qa1+ 42. Kc2 Rxb2# 0-1

[Event "FIDE Women World Blitz 2021"]
[Site "Warsaw"]
[Date "2021.12.29"]
[Round "4.33"]
[White "Doluhanova, Evgeniya"]
[Black "Berend, Elvira"]
[Result "1-0"]
[ECO "A30"]
[WhiteElo "2237"]
[BlackElo "2328"]
[Annotator "NA"]
[PlyCount "121"]
[EventDate "2021.12.29"]
[EventType "swiss"]
[EventCountry "POL"]
[Tiebreak "Cut1 Buchholz"]
[SourceTitle "playchess.com"]
[Source "ChessBase"]
[SourceQuality "1"]
[TimeControl "180+2"]

1. Nf3 Nf6 2. b3 g6 3. Bb2 Bg7 4. e3 O-O 5. Be2 c5 6. O-O d5 7. c4 d4 8. exd4 Nh5 9. Ne5 Nf4 10. dxc5 Nxe2+ 11. Qxe2 f6 12. Nf3 e5 13. d4 exd4 14. Nxd4 Re8 15. Qc2 Qa5 16. Nb5 Bf5 17. Qd2 Qxd2 18.
Nxd2 Na6 19. Nd6 Re2 20. Bc3 Nxc5 21. Nxf5 gxf5 22. Rfe1 Rxe1+ 23. Rxe1 Rd8 24. Kf1 Kf7 25. Nf3 Ne4 26. Bb4 Bh6 27. g3 b6 28. Nh4 Bd2 29. Bxd2 Rxd2 30. Re2 Rd1+ 31. Kg2 Nd6 32. f4 a5 33. Kf3 a4 34. bxa4 Rc1 35.
Rb2 Nxc4 36. Rb4 Rc3+ 37. Kf2 Rc2+ 38. Kf3 Rc3+ 39. Kg2 Rc2+ 40. Kh3 Ne3 41. Rxb6 Ng4 42. Nxf5 Nf2+ 43. Kh4 Rxa2 44. h3 Rxa4 45. Nh6+ Kg6 46. Ng4 Ne4 47. Re6 Kf7 48. Rb6 Rc4 49. Nh6+ Kg6 50. Ng8 Kf7 51. Nh6+ Kg6 52. Ng4 Ra4 53. Ne3 Ra3 54. f5+ Kg7 55. Rb7+ Kg8 56. Ng4 Ra6 57. Nh6+ Kh8 58. g4 Ng5 59. Kh5 Nxh3 60. Rb8+ Kg7 61. Rg8# 1-0